 Dungeon Sprint DCSS version 0.21.2 (webtiles) character file.

970 Fang the Cleaver (level 8, -9/84 HPs)
             Began as a Gargoyle Berserker on Jan 18, 2019.
             Was the Champion of Trog.
             Mangled by a manticore (14 damage)
             ... in the Dungeon (Sprint VII: "The Pits").
             The game lasted 00:02:11 (1598 turns).

Fang the Cleaver (Gargoyle Berserker)               Turns: 1598, Time: 00:02:11

Health: -9/84      AC: 21    Str: 31    XL:     8   Next: 16%
Magic:  8/8        EV:  9    Int: 11    God:    Trog [******]
Gold:   0          SH:  0    Dex:  9    Spells: 7/7 levels left

rFire    . . .     SeeInvis .   s - +2 war axe (freeze)
rCold    . . .     Gourm    .   (no shield)
rNeg     + . .     Faith    .   n - +2 plate armour
rPois    ∞         Spirit   .   (no helmet)
rElec    +         Reflect  .   (no cloak)
rCorr    .         Harm     .   (no gloves)
MR       .....     NoTele   +   (no boots)
Stlth    ..........             (no amulet)
HPRegen  0.24/turn              p - +3 ring of intelligence
MPRegen  0.11/turn              q - +3 ring of strength

@: berserking, very quick
A: negative energy resistance 1, electricity resistance, unbreathing,
petrification resistance, rot immunity, AC +5
a: Berserk, Trog's Hand, Brothers in Arms, Burn Spellbooks, Renounce Religion


You were in the Dungeon.
You worshipped Trog.
Trog was exalted by your worship.
You were not hungry.

You visited 1 branch

Inventory:

Hand Weapons
 m - a +0 hand axe of chopping
 s - a +2 war axe of freezing (weapon)
Armour
 n - a +2 plate armour (worn)
Jewellery
 p - a +3 ring of intelligence (left hand)
 q - a +3 ring of strength (right hand)
Wands
 b - a wand of random effects (30)
 o - a wand of digging (11)
Scrolls
 i - a scroll of blinking
 k - 3 scrolls of remove curse
 l - a scroll of summoning
Potions
 a - 2 potions of invisibility
 d - 6 potions of curing
 e - 12 potions of heal wounds
 f - 2 potions of haste
 g - 4 potions of magic
 h - 3 potions of berserk rage
 r - 2 potions of brilliance
Comestibles
 c - 8 rations


   Skills:
 + Level 9.3 Fighting
 + Level 12.0 Axes
 + Level 7.8 Armour
 + Level 3.5 Dodging
 + Level 3.7 Stealth


You had 7 spell levels left.
You didn't know any spells.

Dungeon Overview and Level Annotations

Branches:
Dungeon (1/1)

Altars:


Innate Abilities, Weirdness & Mutations

You are resistant to torment.
Your stone body is resilient. (AC +5)
You are immune to poison.
You resist negative energy. (rN+)
You are resistant to electric shocks. (rElec)
You can survive without breathing.
You are immune to petrification.
You are immune to rotting.


Message History

You slash the manticore! You freeze the manticore.
The manticore is heavily wounded.
You slash the big kobold! You freeze the big kobold.
You kill the big kobold!
Trog accepts your kill. Something appears at your feet!
Trog grants you a weapon!
Your Axes skill increases to level 12!
Unknown command.
You slice the manticore!! You freeze the manticore.
The manticore is almost dead.
The manticore bites you.
* * * LOW HITPOINT WARNING * * *
The manticore claws you.
* * * LOW HITPOINT WARNING * * *
The manticore barely misses you.
You barely miss the manticore.
The manticore is almost dead.
The manticore bites you!
You die...

##########++######
###+##................#
))'.##......#..#......#
###.##................+
.....'................+
'#####......#..#......#
.#..##................#
.#.)#####'#####''######
.#))##.......##'@#
##))##.......##.†H.#
.#.[##.......##...##
.#'###...<...##..##
....##.......##..#
....##.......##..+
######.......##.##
.#..############
.#)###########


You could see a manticore.

Vanquished Creatures
  A jumping spider (D)
  Sigmund (D)
  A basilisk (D)
  Eustachio (D)
  A necrophage (D)
  A big kobold (D)
  A jelly (D)
  A hound (D)
  An iron imp (D)
  An iguana (D)
  A mummy (D)
  2 gnolls (D)
  An adder (D)
  An adder skeleton (D)
  A leopard gecko (D)
  3 orcs (D)
  2 hobgoblins (D)
  4 jackals (D)
  A kobold (D)
  A quokka (D)
  A bat (D)
  A frilled lizard (D)
  A rat (D)
30 creatures vanquished.

Notes
Turn   | Place    | Note
-------+----------+-------------------------------------------
     0 | D        | Fang the Gargoyle Berserker began the quest for the Orb.
     0 | D        | Reached XP level 1. HP: 14/14 MP: 1/1
    16 | D        | Reached skill level 3 in Axes
    55 | D        | Reached ** piety under Trog
   313 | D        | Reached XP level 2. HP: 16/20 MP: 2/2
   318 | D        | Reached *** piety under Trog
   388 | D        | Reached skill level 4 in Axes
   402 | D        | Reached **** piety under Trog
   402 | D        | Reached XP level 3. HP: 3/24 MP: 3/3
   730 | D        | Noticed a necrophage
   737 | D        | Killed a necrophage
   737 | D        | Reached skill level 6 in Axes
   737 | D        | Reached skill level 1 in Stealth
   737 | D        | Reached XP level 4. HP: 32/32 MP: 4/4
   737 | D        | Reached XP level 5. HP: 36/36 MP: 5/5
   737 | D        | Reached ***** piety under Trog
   737 | D        | Reached skill level 7 in Axes
   894 | D        | Noticed Sigmund
   915 | D        | Killed Sigmund
   915 | D        | Reached skill level 9 in Axes
   915 | D        | Reached XP level 6. HP: 30/44 MP: 6/6
  1080 | D        | Noticed Eustachio
  1087 | D        | Killed Eustachio
  1087 | D        | Reached skill level 10 in Axes
  1087 | D        | Reached skill level 5 in Armour
  1087 | D        | Reached XP level 7. HP: 49/49 MP: 7/7
  1200 | D        | Reached ****** piety under Trog
  1421 | D        | Noticed a jumping spider
  1421 | D        | Noticed a basilisk
  1436 | D        | Killed a basilisk
  1436 | D        | Reached skill level 11 in Axes
  1438 | D        | Killed a jumping spider
  1438 | D        | Reached XP level 8. HP: 40/56 MP: 8/8
  1589 | D        | Noticed a manticore
  1596 | D        | Received a gift from Trog
  1596 | D        | Reached skill level 12 in Axes
  1598 | D        | Mangled by a manticore

Skill      XL: |  1  2  3  4  5  6  7  8 |
---------------+-------------------------+-----
Axes           | 3 4 6 9 10 11 12 | 12.0
Fighting       | 4 6 7 8 9 |  9.3
Dodging        | 2 3 |  3.5
Armour         | 3 4 5 7 |  7.8
Stealth        | 1 2 3 |  3.7

Action                   |  1- 3 |  4- 6 |  7- 9 || total
-------------------------+-------+-------+-------++-------
Melee: Hand axe          |    44 |    33 |    49 ||   126
       War axe           |       |       |     7 ||     7
Invok: Berserk           |     2 |     1 |     2 ||     5
  Eat: Chunk             |       |     2 |     2 ||     4
       Ration            |       |       |     1 ||     1
Armor: Animal skin       |     5 |       |       ||     5
       Plate armour      |     2 |     6 |    31 ||    39
Dodge: Dodged            |    27 |     4 |    16 ||    47
